 Dungeon Crawl Stone Soup version 0.21.1-1-g345015f (webtiles) character file.

230 Fang the Skirmisher (level 6, -6/58 HPs)
             Began as a Gargoyle Berserker on June 1, 2018.
             Was a Believer of Trog.
             Mangled by an iguana (12 damage)
             ... on level 4 of the Dungeon.
             The game lasted 00:04:19 (2911 turns).

Fang the Skirmisher (Gargoyle Berserker)            Turns: 2911, Time: 00:04:20

Health: -6/58      AC:  6    Str: 27    XL:     6   Next: 3%
Magic:  6/6        EV: 12    Int:  8    God:    Trog [**....]
Gold:   186        SH:  0    Dex:  9    Spells: 5/5 levels left

rFire    . . .     SeeInvis .   a - +0 hand axe
rCold    . . .     Gourm    .   (no shield)
rNeg     + . .     Faith    .   b - +0 animal skin
rPois    ∞         Spirit   .   (no helmet)
rElec    +         Reflect  .   (no cloak)
rCorr    .         Harm     .   (no gloves)
MR       .....                  (no boots)
Stlth    ..........             (no amulet)
HPRegen  0.19/turn              (no ring)
MPRegen  0.10/turn              (no ring)

@: berserking, very quick
A: negative energy resistance 1, electricity resistance, unbreathing,
petrification resistance, rot immunity, AC +4
a: Berserk, Trog's Hand, Burn Spellbooks, Renounce Religion


You were on level 4 of the Dungeon.
You worshipped Trog.
Trog was pleased with you.
You were very hungry.

You visited 1 branch of the dungeon, and saw 4 of its levels.

You collected 186 gold pieces.

Inventory:

Hand Weapons
 a - a +0 hand axe (weapon)
Armour
 b - a +0 animal skin (worn)
Jewellery
 e - a +3 ring of strength {unknown}
 j - an uncursed ring of ice {unknown}
 n - an uncursed ring of poison resistance {unknown}
Scrolls
 d - 2 scrolls of enchant weapon {unknown}
 g - 3 scrolls of teleportation {unknown}
 k - a scroll of magic mapping {unknown}
 m - 2 scrolls of identify {unknown}
 o - a scroll of remove curse {unknown}
Potions
 f - 3 potions of degeneration {unknown}
 h - a potion of brilliance {unknown}
 i - 3 potions of might {unknown}
 l - 2 potions of cancellation {unknown}
 p - a potion of curing {unknown}
 q - a potion of magic {unknown}
Comestibles
 c - 6 rations


   Skills:
 + Level 4.6 Fighting
 + Level 4.0 Axes
 + Level 2.5 Armour
 + Level 3.0 Dodging
 + Level 1.1 Stealth


You had 5 spell levels left.
You didn't know any spells.

Dungeon Overview and Level Annotations

Branches:
Dungeon (4/15)
 Temple: D:4-7

Altars:
Ru
Wu Jian


Innate Abilities, Weirdness & Mutations

You are resistant to torment.
Your stone body is resilient. (AC +4)
You are immune to poison.
You resist negative energy. (rN+)
You are resistant to electric shocks. (rElec)
You can survive without breathing.
You are immune to petrification.
You are immune to rotting.


Message History

You are too injured to fight recklessly!
You are too injured to fight recklessly!
You are too injured to fight recklessly!
You are too injured to fight recklessly!
You are too injured to fight recklessly!
You are too injured to fight recklessly!
You are too injured to fight recklessly!
A red film seems to cover your vision as you go berserk!
You feel yourself moving faster!
You feel mighty!
You are feeling very hungry.
The adder misses you. The iguana bites you!
* * * LOW HITPOINT WARNING * * *
You hit the iguana but do no damage.
The iguana is lightly wounded.
You barely miss the adder. The adder barely misses you. The iguana misses you.
Unknown command.
You completely miss the iguana.
The iguana is lightly wounded.
You slash the adder! The adder closely misses you. The iguana bites you!
You die...

.# ##.######
.$....... #
....... #. .....
#. #..#
.###..##S.######
>.....l@....!..#
...............#
...............#
...............#
[###.<##.......#
#.. #..##..##
........# ###
..........
..........


You could see an iguana and an adder.

Vanquished Creatures
  The ghost of VictoriousLee the Magician, an amateur VSMo (D:3)
  An orc wizard (D:2)
  5 adders (D:3)
  A worm (D:2)
  2 dart slugs
  An orc (D:3)
  5 bats
  3 giant cockroaches
  6 goblins
  5 hobgoblins
  9 kobolds
  3 quokkas
  3 ball pythons
  2 frilled lizards
  2 rats (D:2)
49 creatures vanquished.

Notes
Turn   | Place    | Note
-------+----------+-------------------------------------------
     0 | D:1      | Fang the Gargoyle Berserker began the quest for the Orb.
     0 | D:1      | Reached XP level 1. HP: 14/14 MP: 1/1
   165 | D:1      | Reached XP level 2. HP: 11/19 MP: 2/2
  1420 | D:2      | Reached XP level 3. HP: 24/24 MP: 3/3
  1513 | D:2      | Found a sacrificial altar of Ru.
  1521 | D:2      | Reached ** piety under Trog
  1542 | D:2      | Reached XP level 4. HP: 29/29 MP: 4/4
  2243 | D:3      | Found an ornate altar of the Wu Jian Council.
  2544 | D:3      | Reached XP level 5. HP: 33/34 MP: 5/5
  2671 | D:3      | Noticed VictoriousLee's ghost (amateur VSMo)
  2685 | D:3      | Killed VictoriousLee's ghost
  2685 | D:3      | Reached skill level 1 in Stealth
  2685 | D:3      | Reached XP level 6. HP: 29/39 MP: 6/6
  2911 | D:4      | Mangled by an iguana

Skill      XL: |  1  2  3  4  5 |
---------------+----------------+-----
Axes           | 3 4 |  4.0
Fighting       | 4 |  4.6
Dodging        | 2 3 |  3.0
Stealth        | 1 |  1.1
Armour         | |  2.5

Action                   |  1- 3 |  4- 6 || total
-------------------------+-------+-------++-------
Melee: Hand axe          |    77 |   118 ||   195
Invok: Berserk           |     1 |     2 ||     3
 Stab: Sleeping          |     1 |     1 ||     2
       Invisible         |     1 |       ||     1
  Eat: Chunk             |     2 |     6 ||     8
Armor: Animal skin       |    18 |    44 ||    62
Dodge: Dodged            |    54 |   101 ||   155
